 Dungeon Crawl Stone Soup version 0.31-a0-360-gb3e1d13bf4 (webtiles) character file.

Game seed: 14192565197851907063

212 pokeman the Magician (level 5, -3/29 HPs)
             Began as a Deep Elf Hedge Wizard on July 27, 2023.
             Was an Initiate of Vehumet.
             Slain by a water moccasin (7 damage)
             ... on level 3 of the Dungeon.
             The game lasted 00:05:16 (3267 turns).

pokeman the Magician (Deep Elf Hedge Wizard)        Turns: 3267, Time: 00:05:17

Health: -3/29      AC:  2    Str:  7    XL:     5   Next: 58%
Magic:  5/15       EV: 13    Int: 21    God:    Vehumet [......]
Gold:   135        SH:  0    Dex: 14    Spells: 3/16 levels left

rFire   . . .        u - +4 dagger of Diemabb {chaos, rC+}
rCold   + . .        (no shield)
rNeg    . . .        b - +0 robe
rPois   .            c - +0 hat
rElec   .            (no cloak)
rCorr   .            (no gloves)
SInv    .            (no boots)
Will    .....        (no amulet)
Stlth   ++           k - +4 ring of slaying
HPRegen 0.24/turn    (no ring)
MPRegen 0.14/turn

%: no passive effects
@: no status effects
A: no striking features
a: Renounce Religion


You were on level 3 of the Dungeon.
You worshipped Vehumet.
Vehumet was noncommittal.
You visited 1 branch of the dungeon, and saw 4 of its levels.

You collected 135 gold pieces.

Inventory:

Hand Weapons
 u - the +4 dagger of Diemabb (weapon) {chaos, rC+}
   (You found it on level 3 of the Dungeon)

   rC:        It protects you from cold.
Missiles
 l - 6 poisoned darts (quivered)
Armour
 b - a +0 robe (worn)
 c - a +0 hat (worn)
Jewellery
 k - a +4 ring of slaying (left hand)
Wands
 a - a wand of mindburst (9)
 p - a wand of light (7)
 t - a wand of iceblast (6)
Scrolls
 e - 2 scrolls of immolation {unknown}
 f - 2 scrolls of teleportation {unknown}
 h - 2 scrolls of identify {unknown}
 i - 2 scrolls of amnesia {unknown}
 r - a scroll of poison {unknown}
 s - 3 scrolls of blinking {unknown}
Potions
 d - 2 potions of magic
 g - 4 potions of heal wounds {unknown}
 j - 2 potions of curing {unknown}
 m - a potion of attraction {unknown}
 n - a potion of cancellation {unknown}
 o - 2 potions of degeneration {unknown}
 q - a potion of brilliance {unknown}


   Skills:
 - Level 1.1 Fighting
 - Level 1.1 Armour
 - Level 3.0 Dodging
 - Level 3.1 Stealth
 * Level 6.4 Spellcasting
 + Level 2.7 Conjurations
 - Level 1.1 Summonings
 - Level 1.1 Translocations
 + Level 0.4 Air Magic
 + Level 0.5 Poison Magic
 + Level 0.6 Evocations


You had 3 spell levels left.
You knew the following spells:

 Your Spells              Type           Power      Damage    Failure   Level
a - Magic Dart            Conj           72%        1d6       3%          1
b - Mephitic Cloud        Conj/Pois/Air  11%        N/A       17%         3
c - Call Imp              Summ           22%        N/A       9%          2
d - Blink                 Tloc           22%        N/A       9%          2
e - Irradiate             Conj/Tmut      6%         3d13      83%         5

Your spell library contained the following spells:

 Spells                   Type           Power      Damage    Failure   Level
 Slow                     Hex            24%        N/A       10%         1
 Cigotuvi's Dreadful Rot  Necr/Pois/Air  16%        N/A       12%         2
 Sublimation of Blood     Necr           6%         N/A       14%         2
 Ozocubu's Armour         Ice            6%         N/A       28%         3
 Petrify                  Tmut/Erth      6%         N/A       67%         4
 Ozocubu's Refrigeration  Ice            3%         4d8       100%        7


Dungeon Overview and Level Annotations

Branches:
Dungeon (4/15)
 Temple: D:4-7

Altars:
Kikubaaqudgha
Okawaru
Vehumet

Shops:
D:1 *


Message History

Aim: a water moccasin (moderately wounded, 100% to hit)
The magic dart hits the water moccasin.
The water moccasin is moderately wounded.
The water moccasin closely misses you.
Casting: Magic Dart (safe; 3% risk of failure)
Confirm with . or Enter, or press ? or * to list all spells.
Aiming: Magic Dart (safe; 3% risk of failure)
Press: ? - help, Shift-Dir - straight line, f/p - water moccasin
Aim: a water moccasin (moderately wounded, 100% to hit)
The magic dart hits the water moccasin.
The water moccasin is heavily wounded.
The water moccasin bites you! x2
Casting: Magic Dart (safe; 3% risk of failure)
Confirm with . or Enter, or press ? or * to list all spells.
Aiming: Magic Dart (safe; 3% risk of failure)
Press: ? - help, Shift-Dir - straight line, f/p - water moccasin
Aim: a water moccasin (heavily wounded, 100% to hit)
The magic dart hits the water moccasin.
The water moccasin is heavily wounded.
The water moccasin closely misses you.
An adder comes into view.
Casting: Magic Dart (safe; 3% risk of failure)
Confirm with . or Enter, or press ? or * to list all spells.
Aiming: Magic Dart (safe; 3% risk of failure)
Press: ? - help, Shift-Dir - straight line, f/p - water moccasin
Aim: a water moccasin (heavily wounded, 100% to hit)
The magic dart hits the water moccasin.
The water moccasin is heavily wounded.
The adder hisses angrily.
The water moccasin bites you.
* * * LOW HITPOINT WARNING * * *
Casting: Magic Dart (safe; 3% risk of failure)
Confirm with . or Enter, or press ? or * to list all spells.
Aiming: Magic Dart (safe; 3% risk of failure)
Press: ? - help, Shift-Dir - straight line, f/p - water moccasin
Aim: a water moccasin (heavily wounded, 100% to hit)
The magic dart hits the water moccasin.
The water moccasin is severely wounded.
The water moccasin bites you!
You die...

#.##############
#..............#
##############.#
...##.#
#######.##.#
#..........#
#.#####S#### #.#
#@# #.....S$#
#########


You could see a water moccasin and an adder.

Vanquished Creatures
  A hound (D:4)
  Jessica (D:2)
  Ijyb (D:3)
  Terence (D:2)
  A sleepcap (D:4)
  3 adders
  A worm (D:2)
  5 ball pythons
  4 endoplasms
  A giant cockroach (D:2)
  6 goblins
  4 hobgoblins
  6 kobolds
  2 quokkas
  3 bats
  4 frilled lizards
  9 rats
53 creatures vanquished.

Notes
Turn   | Place    | Note
-------+----------+-------------------------------------------
     0 | D:1      | pokeman the Deep Elf Hedge Wizard began the quest for the
                  | Orb.
     0 | D:1      | Reached XP level 1. HP: 10/10 MP: 7/7
   236 | D:1      | Reached XP level 2. HP: 16/16 MP: 7/9
   256 | D:1      | Found Jeer's Assorted Antiques.
  1093 | D:2      | Reached skill level 5 in Spellcasting
  1213 | D:2      | Noticed Terence
  1414 | D:2      | Reached XP level 3. HP: 20/20 MP: 9/11
  1418 | D:2      | Learned a level 3 spell: Mephitic Cloud
  1421 | D:2      | Learned a level 2 spell: Call Imp
  1424 | D:2      | Learned a level 2 spell: Blink
  1684 | D:2      | Noticed Jessica
  1689 | D:2      | Killed Jessica
  1690 | D:2      | Reached skill level 1 in Fighting
  1690 | D:2      | Reached skill level 1 in Armour
  1690 | D:2      | Reached XP level 4. HP: 25/25 MP: 7/13
  1994 | D:2      | Killed Terence
  2054 | D:2      | You fall into a shaft and drop 2 floors!
  2067 | D:4      | Reached skill level 6 in Spellcasting
  2067 | D:4      | Reached XP level 5. HP: 18/29 MP: 6/15
  2665 | D:3      | Found a radiant altar of Vehumet.
  2674 | D:3      | Became a worshipper of Vehumet
  2828 | D:3      | Found a faded altar of an unknown god.
  2920 | D:3      | Learned a level 5 spell: Irradiate
  2985 | D:3      | Found an iron altar of Okawaru.
  2989 | D:3      | Found an ancient bone altar of Kikubaaqudgha.
  3083 | D:3      | Identified the +4 dagger of Diemabb {chaos, rC+}
  3136 | D:3      | Noticed Ijyb
  3147 | D:3      | Killed Ijyb
  3256 | D:3      | Noticed a water moccasin
  3267 | D:3      | Slain by a water moccasin

Illustrated notes

Levels and vault maps discovered:
D:1:      nicolae_arrival_somewhat_less_tricky_arrival, layout_loops_ring,
          serial_shops, shop
D:2:      layout_loops_corners, minmay_misc_feat_rows, uniq_terence,
          uniq_jessica
D:3:      layout_basic, nicolae_kikubaaqudgha_miasma_corner,
          okawaru_metal_pillars_1_2, nicolae_vehumet_altar_sigil,
          hellmonk_ecumenical_altar_arch_garden, chequers_serial_rivers_micro_d,
          uniq_ijyb
D:4:      layout_basic, serial_shops, shop, kennysheep_little_box, shop,
          nicolae_shop_advertising_works [nicolae_subvault_shop_adworks],
          chequers_serial_rivers_micro_d, minmay_misc_feat_secret_circle,
          minmay_manual_monstrance

Skill      XL: |  1  2  3  4  5 |
---------------+----------------+-----
Spellcasting   | 5 6 |  6.4
Fighting       | 1 |  1.1
Armour         | 1 |  1.1
Conjurations   | 2 |  2.7
Stealth        | 3 |  3.1
Dodging        | 3 |  3.0
Summonings     | |  1.1
Translocations | |  1.1
Air Magic      | |  0.4
Poison Magic   | |  0.5
Evocations     | |  0.6

Action                     |  1- 3 |  4- 6 || total
---------------------------+-------+-------++-------
  Melee: Dagger            |       |    12 ||    12
  Throw: Dart              |       |     5 ||     5
   Cast: Magic Dart        |    68 |    61 ||   129
         Mephitic Cloud    |       |     3 ||     3
         Call Imp          |       |     1 ||     1
   Stab: Confused          |       |     1 ||     1
 Armour: Robe              |       |     1 ||     1
  Dodge: Dodged            |     1 |    16 ||    17

Table legend: (Time is in decaauts)
 A = Elapsed time spent in this place.
 B = Non-inter-level travel time spent in this place.
 C = Inter-level travel time spent in this place.
 D = Time resting spent in this place.
 E = Time spent auto-exploring this place.
 F = Levels seen in this place.
 G = Mean time per level.
                   A        B        C        D        E       F      G
               +--------+--------+--------+--------+--------+-----+--------+
         Total |   3264 |   3156 |    108 |      0 |   2756 |   4 |  816.0 |
       Dungeon |   3264 |   3156 |    108 |      0 |   2756 |   4 |  816.0 |
               +--------+--------+--------+--------+--------+-----+--------+

Top non-repeatable levels by time:
     D:2: 1402 daAuts
     D:1: 1002 daAuts
     D:3: 661 daAuts
     D:4: 197 daAuts
